 Dungeon Crawl Stone Soup version 0.22-a0-538-g76cc104 (webtiles) character file.

2 Amnesiac the Magician (level 1, -1/9 HPs)
             Began as a Spriggan Wanderer on June 23, 2018.
             Slain by a goblin (3 damage)
             ... on level 2 of the Dungeon.
             The game lasted 00:02:09 (771 turns).

Amnesiac the Magician (Spriggan Wanderer)            Turns: 771, Time: 00:02:10

Health: -1/9       AC:  2    Str:  9    XL:     1   Next: 33%
Magic:  5/5        EV: 15    Int: 13    God:
Gold:   11         SH:  0    Dex: 14    Spells: 6/6 levels left

rFire    . . .     SeeInvis +   e - +0 dagger
rCold    . . .     Gourm    .   (shield restricted)
rNeg     . . .     Faith    .   d - +0 robe
rPois    .         Spirit   .   (helmet restricted)
rElec    .         Reflect  .   (no cloak)
rCorr    .         Harm     .   (gloves unavailable)
MR       .....                  (boots unavailable)
Stlth    +.........             (no amulet)
HPRegen  0.03/turn              (no ring)
MPRegen  0.09/turn              (no ring)

@: very quick
A: very small, unfitting armour, see invisible, herbivore, speed 3, slow
metabolism 2
a: no special abilities


You were on level 2 of the Dungeon.
You were not hungry.

You visited 2 branches of the dungeon, and saw 5 of its levels.

You collected 11 gold pieces.

Inventory:

Hand Weapons
 e - a +0 dagger (weapon)
Missiles
 a - 19 poisoned needles
Armour
 d - a +0 robe (worn)
Scrolls
 g - a scroll of amnesia {!r, unknown}
Potions
 c - 2 potions of curing {!q}
Comestibles
 f - 2 rations


   Skills:
   Level 1.0 Shields
 + Level 3.0 Spellcasting
   Level 1.0 Conjurations
   Level 1.0 Fire Magic
   Level 1.7 Earth Magic
   Level 2.0 Poison Magic
   Level 1.3 Evocations


You had 6 spell levels left.
You didn't know any spells.
Your spell library contained the following spells:

 Spells                   Type           Power        Failure   Level  Hunger
 Conjure Flame            Conj/Fire      #.......     41%         3    ###....
 Mephitic Cloud           Conj/Pois/Air  #.......     41%         3    ###....
 Venom Bolt               Conj/Pois      #.........   98%         5    ######.
 Olgreb's Toxic Radiance  Pois           #.......     69%         4    #####..
 Sting                    Conj/Pois      #...         12%         1    #......
 Flame Tongue             Conj/Fire      #....        16%         1    #......
 Poisonous Vapours        Pois/Air       #.....       22%         2    ###....


Dungeon Overview and Level Annotations

Branches:
Dungeon (4/15)             Temple (1/1) D:4

Altars:
Ashenzari
Cheibriados
Elyvilon
Gozag
Kikubaaqudgha
Makhleb
Nemelex Xobeh
Okawaru
Qazlal
Trog
Uskayaw
Vehumet
Wu Jian
Yredelemnul
Zin
The Shining One


Innate Abilities, Weirdness & Mutations

You are very small and have problems with some larger weapons.
You are too small for most types of armour.
You have supernaturally acute eyesight. (SInv)
You are a herbivore.
You cover ground extremely quickly.
You need to consume almost no food.


Message History

The teleport trap disappears.
Your surroundings suddenly seem different.
You see here a scroll labeled GITUKUYWKA {!r}.
b - a scroll labeled GITUKUYWKA {!r} The frilled lizard hisses angrily.
There is a fountain of sparkling water here.
The worker ant waves its antennae.
Found a potion of curing.
You see here a scroll labeled LAFIPP LADIET {!r}.
g - a scroll labeled LAFIPP LADIET {!r} An orc wizard comes into view.
It is wielding a dagger.
Found a ring mail.
An orc priest comes into view. It is wielding a hand axe.
The orc priest shouts!
You hear a shout!
An orc comes into view. It is wielding a flail.
An orc comes into view. It is wielding a club.
You see here a potion of curing {!q}.
c - 2 potions of curing {!q} (gained 1)
Found 4 stones.
A worker ant comes into view.
Found a scroll labeled UFAPHA KOYRGH.
The worker ant twitches its antennae in your direction.
The orc barely misses you.
A howler monkey comes into view.
The orc hits you with a flail.
Ouch! That really hurt!
* * * LOW HITPOINT WARNING * * *
An orc comes into view. It is wielding a hand axe.
Found a fuming black potion.
Really read
b - a scroll labeled GITUKUYWKA {!r}?
As you read the scroll labeled GITUKUYWKA {!r}, it crumbles to dust.
You feel strangely unstable.
It was a scroll of teleportation {!r}.
The orc shouts!
Found 13 gold pieces.
Your surroundings suddenly seem different.
You start resting.
HP restored.
There is a stone staircase leading up here.
You climb upwards.
There is a stone staircase leading down here.
A dart slug comes into view.
Found a stone staircase leading up.
The giant cockroach closely misses you.
You hit the giant cockroach.
The giant cockroach is heavily wounded.
The giant cockroach barely misses you.
There is a stone staircase leading down here.
You hit the giant cockroach but do no damage.
The giant cockroach is heavily wounded.
The giant cockroach bites you.
You hit the giant cockroach but do no damage.
The giant cockroach is heavily wounded.
The giant cockroach bites you but does no damage.
There is a stone staircase leading up here.
The giant cockroach bites you but does no damage.
You climb upwards.
The frilled lizard closely misses you. The goblin barely misses you.
The frilled lizard bites you but does no damage.
There is a stone staircase leading down here.
The goblin hits you.
* * * LOW HITPOINT WARNING * * *
The giant cockroach misses you. The goblin hits you.
You die...

.... ##. .....% ....
#.#.#. #######...#
......###..l....#..
#.#.#....@gs........
...........g........
#.#.#...........####
.............#..#
...............##
..............(#
##...........###
.............###
....?..........#


You could see a giant cockroach, 2 goblins and a frilled lizard.

Vanquished Creatures
  A hobgoblin (D:1)
  A frilled lizard (D:1)
  A kobold (D:1)
3 creatures vanquished.

Notes
Turn   | Place    | Note
-------+----------+-------------------------------------------
     0 | D:1      | Amnesiac the Spriggan Wanderer began the quest for the Orb.
     0 | D:1      | Amnesiac set off with: a potion of curing {!q}, a +0 robe, a +0 dagger, a ration
     0 | D:1      | Reached XP level 1. HP: 9/9 MP: 5/5
    88 | D:1      | Reached skill level 3 in Spellcasting
   194 | D:4      | Noticed a worker ant
   195 | D:4      | Noticed a hound
   199 | D:4      | Found a staircase to the Ecumenical Temple.
   230 | Temple   | Entered the Ecumenical Temple
   577 | D:4      | Noticed an orc wizard
   578 | D:4      | Noticed an orc priest
   585 | D:4      | Noticed a worker ant
   587 | D:4      | Noticed a howler monkey
   771 | D:2      | Slain by a goblin

Vault maps used:
D:1:      dpeg_arrival_oval
D:2:      serial_glass, glass_columns_b, glass_columns_b, feat_on_display,
          doesnt_xom_only_xom, uniq_terence, uniq_natasha
D:3:      gammafunk_wand_slinger, first_ration, uniq_grinder
D:4:      nicolae_ru_path_of_blood, lemuel_round_altar, temple_fountains
Temple:   nicolae_temple_elliptical

Skill      XL: |  1 |
---------------+----+-----
Spellcasting   | 3 |  3.0
Shields        | |  1.0
Conjurations   | |  1.0
Fire Magic     | |  1.0
Earth Magic    | |  1.7
Poison Magic   | |  2.0
Evocations     | |  1.3

Action                   || total
-------------------------++-------
Melee: Dagger            ||    19
  Use: Scroll            ||     1
Armor: Robe              ||     6
Dodge: Dodged            ||    20

Table legend:
 A = Spawn XP
 B = Non-spawn XP
 C = Spawn XP percentage of total XP
 D = Spawn monster count
 E = Non-spawn monster count
 F = Spawn count percentage of total count
 G = Total turns spent on level
                    A         B        C        D         E        F      G
               +---------+---------+-------+---------+---------+-------+---------
         Total |       0 |       4 |   0.0 |       0 |       3 |   0.0 |   771
               +---------+---------+-------+---------+---------+-------+---------
           D:1 |       0 |       4 |   0.0 |       0 |       3 |   0.0 |   101
               +---------+---------+-------+---------+---------+-------+---------
